 Dungeon Crawl Stone Soup version 0.28.0 (webtiles) character file.

Game seed: 1510903307064716902

675 Jepp2078 the Grappler (level 7, 0/66 HPs)
             Began as a Troll Monk on Feb 16, 2022.
             Succumbed to a gnoll's poison
             ... on level 5 of the Dungeon.
             The game lasted 00:06:13 (3437 turns).

Jepp2078 the Grappler (Troll Monk)                  Turns: 3437, Time: 00:06:14

Health: 0/66       AC:  5    Str: 22    XL:     7   Next: 33%
Magic:  6/6        EV: 10    Int:  6    God:
Gold:   210        SH:  0    Dex: 12    Spells: 6/6 levels left

rFire   + . .      SeeInvis .     - Unarmed
rCold   + . .      Faith    .   (no shield)
rNeg    . . .      Spirit   .   a - +0 robe
rPois   .          Reflect  .   m - +1 hat
rElec   .          Harm     .   (no cloak)
rCorr   .          Rampage  .   (gloves unavailable)
Will    .....                   (boots unavailable)
Stlth   ++........              (no amulet)
HPRegen 1.01/turn               l - ring of Dim Light {rF+ rC+}
MPRegen 0.10/turn               (no ring)

@: lethally poisoned (0 -> -19)
A: large, unfitting armour, claws 3, regeneration 1, shaggy fur 1, tough skin 1
a: no special abilities


You were on level 5 of the Dungeon.
You visited 1 branch of the dungeon, and saw 5 of its levels.

You collected 210 gold pieces.

Inventory:

Hand Weapons
 h - the +7 scimitar "Nucumay" {flame, rF++ Int+2}
   (You found it on level 4 of the Dungeon)

   It burns those it strikes, dealing additional fire damage.
   Big, fiery blades are also staple armaments of hydra-hunters.
   Int:       It affects your intelligence (+2).
   rF:        It greatly protects you from fire.
Armour
 a - a +0 robe (worn)
 m - a +1 hat (worn)
Jewellery
 l - the ring of Dim Light (left claw) {rF+ rC+}
   (You found it on level 4 of the Dungeon)

   [ring of protection from fire]

   rF:        It protects you from fire.
   rC:        It protects you from cold.
Scrolls
 c - a scroll of amnesia {unknown}
 d - 3 scrolls of teleportation {unknown}
 f - 2 scrolls of blinking {unknown}
 i - a scroll of silence {unknown}
 j - a scroll of enchant weapon {unknown}
 p - a scroll of fear {unknown}
 q - a scroll of magic mapping {unknown}
 r - a scroll of identify {unknown}
Potions
 b - a potion of magic {unknown}
 e - 2 potions of curing
 g - 3 potions of mutation {unknown}
 k - 2 potions of haste {unknown}
 n - a potion of lignification {unknown}
 o - a potion of invisibility {unknown}


   Skills:
 - Level 2.4 Fighting
 - Level 2.4 Dodging
 - Level 1.0 Stealth
 + Level 8.6 Unarmed Combat


You had 6 spell levels left.
You didn't know any spells.
Your spell library contained the following spells:

 Spells                   Type           Power      Damage    Failure   Level
 Animate Skeleton         Necr           0%         N/A       45%         1
 Apportation              Tloc           0%         N/A       45%         1
 Summon Small Mammal      Summ           0%         N/A       45%         1
 Sublimation of Blood     Necr           0%         N/A       58%         2
 Wereblood                Tmut           0%         N/A       58%         2
 Call Canine Familiar     Summ           0%         N/A       83%         3
 Summon Guardian Golem    Hex/Summ       0%         N/A       83%         3
 Summon Hydra             Summ           0%         N/A       100%        7


Dungeon Overview and Level Annotations

Branches:
Dungeon (5/15)
 Temple: D:4-7

Altars:
Lugonu

Shops:
D:1 :

Portals:
Abyss: D:5

Annotations:
D:4 exclusion: downstairs
D:5 2 exclusions


Innate Abilities, Weirdness & Mutations

You are too large for most types of armour.
You have claws for hands.
Your natural rate of healing is unusually fast.
You are covered in fur. (AC +1)
You have tough skin. (AC +1)


Message History

You mangle the gnoll!!
You kill the gnoll!
The gnoll hits you but does no damage.
You scratch the gnoll.
The gnoll is lightly wounded.
The gnoll throws a throwing net.
The throwing net hits you.
You become entangled in the net!
You struggle against the net.
The gnoll hits you with a +0 spear.
You struggle against the net.
The gnoll hits you but does no damage. The gnoll hits you with a +0 club.
You struggle against the net.
The gnoll hits you with a +0 spear.
The gnoll hits you from afar with a +2 halberd of venom!
You are poisoned.
The gnoll barely misses you.
You struggle against the net.
You feel very sick. The gnoll barely misses you.
The gnoll hits you from afar with a +2 halberd of venom.
You are more poisoned.
The gnoll hits you with a +0 club.
You rip the net and break free!
You feel very sick. The gnoll barely misses you.
The gnoll closely misses you. x2
You claw the gnoll!
You kill the gnoll!
You feel very sick. The gnoll closely misses you. x2
You scratch the gnoll.
The gnoll is moderately wounded.
You feel very sick.
The gnoll hits you from afar with a +2 halberd of venom!
* * * LOW HITPOINT WARNING * * *
You are lethally poisoned!
The gnoll barely misses you.
It was a potion of curing.
You feel better.
The gnoll hits you from afar with a +2 halberd of venom!
* * * LOW HITPOINT WARNING * * *
You are lethally poisoned!
The gnoll closely misses you.
You die...

.#.# ...# #..# ..# ..# #.# #g#
#.# #######)# ##.## # ......g.#
...#.# #############@## ##
###..#.#. ##.#...#<# #..# ..
........ #.......Y#
###.######.##..#... .###.#.#.##
#.............<.... ..###.##
#.##.#####.##.##### ...#.###.#
#.##..# #.........
..#.#...§§.####.###.#######.###.#
#...#.._§#..................# #.#
..# ##.#Y...###.###.######..# #.#


You could see 2 gnolls.

Vanquished Creatures
  A necrophage (D:4)
  An ogre (D:5)
  A phantom (D:5)
  A hound (D:5)
  A jelly (D:4)
  A centaur skeleton (D:4)
  2 orc priests
  3 orc wizards
  2 hound skeletons (D:4)
  2 gnolls (D:5)
  4 adders
  A worm (D:2)
  3 dart slugs
  14 orcs
  3 bats
  9 endoplasms
  5 giant cockroaches
  7 goblins
  7 hobgoblins
  12 kobolds
  6 quokkas
  9 ball pythons
  A frilled lizard (D:2)
  3 rats
99 creatures vanquished.

Vanquished Creatures (others)
  A lurking horror (D:5)
1 creature vanquished.

Grand Total: 100 creatures vanquished

Notes
Turn   | Place    | Note
-------+----------+-------------------------------------------
     0 | D:1      | Jepp2078 the Troll Monk began the quest for the Orb.
     0 | D:1      | Reached XP level 1. HP: 22/22 MP: 0/0
   207 | D:1      | Reached XP level 2. HP: 27/29 MP: 1/1
   336 | D:1      | Reached skill level 4 in Unarmed Combat
   583 | D:1      | Found a faded altar of an unknown god.
   714 | D:1      | Found Qeliamn's Book Boutique.
   849 | D:2      | Reached XP level 3. HP: 36/36 MP: 2/2
  1502 | D:3      | Reached XP level 4. HP: 44/44 MP: 3/3
  1506 | D:3      | Reached skill level 5 in Unarmed Combat
  1897 | D:3      | Reached XP level 5. HP: 13/50 MP: 4/4
  1907 | D:3      | Reached skill level 6 in Unarmed Combat
  2292 | D:4      | Identified the +7 scimitar "Nucumay" {flame, rF++ Int+2}
  2332 | D:4      | Reached XP level 6. HP: 56/59 MP: 5/5
  2341 | D:4      | Reached skill level 7 in Unarmed Combat
  2631 | D:4      | Identified the ring of Dim Light {rF+ rC+}
  3061 | D:5      | Entered Level 5 of the Dungeon
  3066 | D:5      | Found a one-way gate to the infinite horrors of the Abyss.
  3066 | D:5      | Found a corrupted altar of Lugonu.
  3068 | D:5      | Noticed a sky beast
  3251 | D:5      | Reached skill level 8 in Unarmed Combat
  3251 | D:5      | Reached XP level 7. HP: 66/66 MP: 6/6
  3437 | D:5      | Succumbed to a gnoll's poison

Illustrated notes

Levels and vault maps discovered:
D:1:      psy_arrival_basics, layout_loops_ring, serial_shops,
          nicolae_shop_advertising_works [nicolae_subvault_shop_adworks],
          shapermc_ecumenical_altar_mp_highgroup
D:2:      layout_loops_ring
D:3:      layout_basic
D:4:      kb_forest_paths, layout_loops_ring
D:5:      layout_basic, chequers_serial_rivers_micro_c,
          amcnicky_altar_lugonu_corruption

Skill      XL: |  1  2  3  4  5  6 |
---------------+-------------------+-----
Unarmed Combat | 4 5 6 8 |  8.6
Fighting       | |  2.4
Dodging        | |  2.4
Stealth        | |  1.0

Action                   |  1- 3 |  4- 6 |  7- 9 || total
-------------------------+-------+-------+-------++-------
Melee: Unarmed           |   130 |   121 |    14 ||   265
       Punch             |       |     5 |     1 ||     6
  Use: Potion            |       |       |     1 ||     1
 Stab: Sleeping          |     3 |     3 |       ||     6
Armor: Robe              |    32 |    32 |     4 ||    68
Dodge: Dodged            |    50 |    48 |    14 ||   112
